 Dungeon Crawl Stone Soup version 0.19.1 (webtiles) character file.

294 empire the Covered (level 6, 0/78 HPs)
             Began as a Minotaur Fighter on Dec 16, 2016.
             Killed from afar by a steam dragon (13 damage)
             ... with a ball of steam
             ... on level 4 of the Dungeon.
             The game lasted 00:07:27 (2854 turns).

empire the Covered (Minotaur Fighter)               Turns: 2854, Time: 00:07:29

Health: 0/78       AC: 23    Str: 27    XL:     6   Next: 11%
Magic:  5/5        EV:  2    Int:  5    God:
Gold:   197        SH: 10    Dex: 10    Spells: 0 memorised, 5 levels left

rFire  . . .     SeeInvis .     b - +0 rapier
rCold  . . .     Gourm    .     (armour currently unavailable)
rNeg   + + +     Faith    .     l - +0 shield
rPois  +         Spirit   .     (helmet currently unavailable)
rElec  .         Reflect  .     (cloak currently unavailable)
rCorr  .         Harm     .     (gloves currently unavailable)
MR     .....     NoTele   +     (boots currently unavailable)
Stlth  +.........               (no amulet)
                                (no ring)
                                (no ring)

@: mighty, lethally poisoned (0 -> -1), tree-form
A: (retaliatory headbutt), (horns 0)
a: no special abilities


You were on level 4 of the Dungeon.
You were very hungry.
You were a tree.
You visited 1 branch of the dungeon, and saw 4 of its levels.

You collected 197 gold pieces.

Inventory:

Hand Weapons
 a - a +2 dagger of flaming
 b - a +0 rapier (weapon)
 v - a +0 short sword
 w - a -2 short sword
 x - a +0 halberd
Missiles
 p - 4 javelins (quivered)
 s - 35 bolts
 t - 64 arrows
 u - 16 poisoned needles
Armour
 e - a +1 scale mail (melded)
 l - a +0 shield (worn)
Scrolls
 i - a scroll of blinking {unknown}
 j - 2 scrolls of amnesia
 m - 4 scrolls of remove curse
 n - a scroll of noise {unknown}
 o - 4 scrolls of identify {unknown}
 r - a scroll of magic mapping {unknown}
 y - a scroll of enchant weapon {unknown}
Potions
 c - a potion of might
 g - a potion of lignification
 q - a potion of agility {unknown}
 z - a potion of degeneration {unknown}
 A - a potion of haste {unknown}
Comestibles
 d - 3 bread rations
 f - a beef jerky
 h - 3 meat rations
 k - 3 fruits
 B - a slice of pizza


   Skills:
 + Level 3.7 Fighting
 - Level 3.3 Short Blades
 + Level 5.8 Armour
 + Level 5.6 Shields
 - Level 2.1 Unarmed Combat


You had 5 spell levels left.
You didn't know any spells.

Dungeon Overview and Level Annotations

Branches:
Dungeon (4/15)
 Temple: D:4-7

Altars:
Cheibriados
Gozag
Kikubaaqudgha
Ru
Vehumet


Innate Abilities, Weirdness & Mutations

((You reflexively headbutt those who attack you in melee.))
((You have a pair of horns on your head.))


Message History

The steam dragon claws you but does no damage.
You puncture the steam dragon!
The steam dragon is moderately wounded.
You feel sick.
The steam dragon bites you but does no damage.
The steam dragon claws you but does no damage.
You hit the steam dragon.
The steam dragon is moderately wounded.
The steam dragon bites you but does no damage.
The steam dragon claws you but does no damage.
You hit the steam dragon.
The steam dragon is heavily wounded.
The steam dragon bites you but does no damage.
The steam dragon claws you but does no damage.
You barely miss the steam dragon.
The steam dragon is heavily wounded.
You feel sick. The steam dragon breathes steam at you.
The ball of steam hits you!
You die...

#...##...#.# #.# #.#
.##.###..).#######.## #.#
#.##._####..........#######.#
##.#######.#######..#.......#
##..##...>.#### #..#.......#
####.##......#########.....#
#.#.###.######..^.)..#.....#
##.##.......)#'##.#..#.....#
##....#..######.♣####.#.....####
.....###.# #.##D#.#..#........#
##....#.## #.#...§##.#.#).##..#
##.##.######.##...%#.##.##.#..#
#.##.#......#..#($#.#........#
#......####.#######.##.##....#
#####.## #..###.##..#.#.#...#
#.# #......####...##...# #.#
#...##.# ##.###...#


You could see a steam dragon.

Vanquished Creatures
  A bullfrog skeleton (D:4)
  A hound (D:4)
  2 orc wizards (D:4)
  2 worker ants (D:4)
  3 adders
  4 worms
  A dart slug (D:1)
  A leopard gecko (D:1)
  5 orcs (D:4)
  2 ball pythons
  A giant cockroach (D:2)
  8 goblins
  7 hobgoblins
  9 jackals
  7 kobolds
  2 quokkas (D:2)
  10 bats
  3 frilled lizards
  5 rats
74 creatures vanquished.

Vanquished Creatures (others)
  A worker ant (D:4)
1 creature vanquished.

Grand Total: 75 creatures vanquished

Notes
Turn   | Place    | Note
-------+----------+-------------------------------------------
     0 | D:1      | empire the Minotaur Fighter began the quest for the Orb.
     0 | D:1      | Reached XP level 1. HP: 19/19 MP: 0/0
    52 | D:1      | Reached skill level 1 in Short Blades
   116 | D:1      | Reached XP level 2. HP: 26/26 MP: 1/1
   468 | D:2      | Found an opulent altar of Gozag.
   494 | D:2      | Reached XP level 3. HP: 29/31 MP: 2/2
  1109 | D:2      | Found an ancient bone altar of Kikubaaqudgha.
  1272 | D:2      | Reached XP level 4. HP: 39/39 MP: 3/3
  1819 | D:3      | Found a sacrificial altar of Ru.
  1822 | D:3      | Found a radiant altar of Vehumet.
  2213 | D:4      | Reached skill level 5 in Armour
  2213 | D:4      | Reached skill level 5 in Shields
  2213 | D:4      | Reached XP level 5. HP: 34/45 MP: 4/4
  2611 | D:4      | Reached XP level 6. HP: 46/51 MP: 5/5
  2680 | D:4      | Found a snail-covered altar of Cheibriados.
  2842 | D:4      | Noticed a steam dragon
  2854 | D:4      | Killed from afar by a steam dragon

Skill      XL: |  1  2  3  4  5 |
---------------+----------------+-----
Short Blades   | 1 2 3 |  3.3
Shields        | 4 5 |  5.6
Armour         | 4 5 |  5.8
Fighting       | |  3.7
Unarmed Combat | |  2.1

Action                   |  1- 3 |  4- 6 || total
-------------------------+-------+-------++-------
Melee: Short sword       |    30 |       ||    30
       Headbutt          |    12 |    23 ||    35
       Rapier            |    82 |   140 ||   222
  Use: Scroll            |       |     3 ||     3
       Potion            |       |     2 ||     2
  Eat: Chunk             |     1 |     4 ||     5
Armor: Scale mail        |    61 |    59 ||   120
       Skin              |       |     8 ||     8
Dodge: Dodged            |    33 |    40 ||    73
Block: Shield            |    61 |    64 ||   125
